Map: Catalyst LE

Players

Allaryce

  • Race: Zerg Zerg
  • Spawn Location: 5:00

BoO - Winner!

  • Race: Zerg Zerg
  • Spawn Location: 11:00

Event: WCS Austin 2018

VOD

Have the link to the VOD?

Description

Time

  • Played on: June 1, 2018, 3:17 p.m.
  • Length: 7:21

All games in this series

Show
View Real Time Build Order
Export as new Build Order

Allaryce Zerg 

Build Orders: Hatch First 

Get SALT Encoding   

  12  0:01  Drone  
  13  0:15  Overlord  
  13  0:17  Drone  
  14  0:37  Drone x2  
  16  0:50  Hatchery  
  16  0:53  Drone  
  16  0:57  Drone  
  16  1:01  Extractor  
  16  1:03  Drone  
  17  1:17  Spawning Pool  
  16  1:26  Drone x2  
  16  1:31  Drone  
  19  1:47  Overlord  
  19  2:04  Zergling x2  
  19  2:05  Zergling x4  
  22  2:11  Queen, Metabolic Boost  
  24  2:16  Queen  
  26  2:25  Baneling Nest  
  26  2:27  Drone  
  26  2:29  Drone  
  27  2:32  Drone  
  27  2:37  Drone  
  29  2:40  Drone  
  30  2:46  Drone x2  
  32  2:55  Queen  
  34  3:00  Overlord  
  34  3:15  Baneling x2  
  34  3:19  Zergling x6  
  37  3:20  Drone x3  
  39  3:48  Zergling x2  
  39  3:49  Drone x4  
  39  3:55  Baneling x2  
  42  4:06  Drone  
  43  4:12  Overlord  
  43  4:13  Overlord  
  43  4:18  Hatchery, Roach Warren  
  43  4:20  Evolution Chamber  
  39  4:30  Queen  
  40  4:40  Zergling x2  
  40  4:41  Zergling x14  
  46  4:57  Zergling x4  
  46  4:59  Baneling x2  
  48  5:05  Drone x4  
  52  5:11  Baneling x2  
  52  5:16  Baneling  
  47  5:38  Baneling x3  
  47  5:41  Baneling x2  
  47  5:42  Roach x3  
  51  5:46  Hatchery  
  45  5:57  Baneling x2  
  45  6:03  Drone  
  46  6:11  Roach  
  45  6:20  Zergling x10  
  34  6:46  Drone  
  35  6:47  Drone x4  
  39  6:59  Baneling x3  
  35  7:14  Roach Warren  
Show
View Real Time Build Order
Export as new Build Order

BoO Zerg - Winner!

Build Orders: Hatch First 

Get SALT Encoding   

  12  0:00  Drone  
  13  0:13  Overlord  
  13  0:18  Drone  
  14  0:31  Drone x2  
  14  0:35  Drone  
  17  0:54  Hatchery  
  16  0:58  Drone  
  16  1:02  Drone  
  18  1:06  Extractor  
  17  1:18  Spawning Pool  
  17  1:22  Drone  
  17  1:25  Drone  
  17  1:29  Drone  
  19  1:40  Drone  
  20  1:50  Overlord  
  20  2:05  Queen  
  20  2:06  Queen, Zergling x2  
  25  2:08  Zergling x2  
  25  2:14  Metabolic Boost  
  26  2:20  Drone  
  26  2:21  Drone  
  28  2:30  Overlord  
  28  2:33  Zergling x2  
  29  2:42  Zergling x4  
  31  2:47  Baneling Nest  
  30  3:03  Hatchery  
  29  3:09  Drone x2  
  29  3:12  Drone  
  31  3:16  Drone  
  32  3:21  Evolution Chamber  
  32  3:23  Drone  
  32  3:30  Drone x2  
  34  3:36  Drone x2  
  36  3:47  Zergling x8  
  39  3:54  Baneling x4  
  39  3:56  Zerg Melee Weapons Level 1  
  39  3:59  Drone  
  39  4:00  Drone  
  41  4:07  Drone x3  
  44  4:14  Queen  
  46  4:20  Zergling x6  
  46  4:21  Zergling x2  
  49  4:26  Overlord  
  49  4:30  Baneling  
  49  4:34  Overlord x2  
  48  4:56  Drone x4  
  48  4:57  Drone x3  
  54  5:01  Lair, Extractor  
  54  5:03  Zergling x6  
  56  5:08  Zergling x2  
  56  5:10  Baneling x3  
  57  5:18  Zergling x8  
  56  5:30  Zergling x16  
  56  5:34  Drone x3  
  65  5:44  Drone  
  65  5:47  Overlord x2, Extractor  
  65  5:49  Extractor  
  64  5:50  Drone  
  64  5:55  Baneling  
  64  5:56  Baneling x3  
  64  6:03  Zergling x4  
  66  6:05  Overlord x3  
  62  6:23  Zergling x2  
  62  6:24  Zergling x14  
  62  6:25  Zergling x4  
  69  6:28  Drone x3  
  69  6:32  Spire  
  67  6:36  Zergling x4  
  67  6:39  Drone x2  
  69  6:40  Drone x2  
  69  6:45  Drone  
  70  6:50  Drone x2  
  72  6:55  Drone x4  
  72  6:58  Baneling x4  
Tags
 
Add a new tag
Caveats
  • Supply blocks, unpowered buildings, or Contaminate may cause inaccurate times.
  • Supply counts are checked every 10 seconds.